 Dungeon Crawl Stone Soup version 0.28.0-53-g5a82cb258f (console) character file.

Game seed: 13288907467617097974

1394 capslocke the Archer (level 8, -1/61 HPs)
             Began as a Barachi Arcane Marksman on May 16, 2022.
             Was a Priest of Nemelex Xobeh.
             Shot with an arrow by a centaur (8 damage)
             ... on level 6 of the Dungeon on June 1, 2022.
             The game lasted 00:42:50 (6830 turns).

capslocke the Archer (Barachi Arcane Marksman)      Turns: 6830, Time: 00:42:51

Health: -1/61      AC:  7    Str: 12    XL:     8   Next: 68%
Magic:  11/11      EV: 12    Int: 14    God:    Nemelex Xobeh [***...]
Gold:   157        SH:  0    Dex: 14    Spells: 7/11 levels left

rFire   . . .      SeeInvis +   a - +0 shortbow
rCold   . . .      Faith    .   (shield currently unavailable)
rNeg    . . .      Spirit   .   I - +0 leather armour
rPois   .          Reflect  .   c - +2 helmet {SInv}
rElec   .          Harm     .   F - +0 cloak
rCorr   +          Rampage  .   (no gloves)
Will    .....                   (no boots)
Stlth   +.........              g - amulet of the acrobat
HPRegen 0.20/turn               n - ring of resist corrosion
MPRegen 0.12/turn               (no ring)

@: slow
A: amphibious, slowness 1, strong legs 1, +LOS
a: Hop, Renounce Religion, Draw Escape, Draw Destruction, Draw Summoning, Triple
Draw


You were on level 6 of the Dungeon.
You worshipped Nemelex Xobeh.
Nemelex Xobeh was most pleased with you.
You visited 1 branch of the dungeon, and saw 6 of its levels.
You also visited: Sewer.

You collected 205 gold pieces.
You spent 48 gold pieces at shops.

Inventory:

Hand Weapons
 a - a +0 shortbow (weapon)
 p - a +0 short sword
 E - a +2 dagger of freezing
 J - a +2 falchion of draining
Missiles
 k - 8 poisoned darts
 t - 26 arrows (quivered ammo)
 A - 2 atropa-tipped darts
Armour
 c - a +2 helmet of see invisible (worn)
 d - a +0 robe
 F - a +0 cloak (worn)
 I - a +0 leather armour (worn)
Jewellery
 g - an amulet of the acrobat (around neck)
 n - a ring of resist corrosion (left hand)
 r - a ring of positive energy
Wands
 y - a wand of iceblast (1)
 H - a wand of digging (5)
Scrolls
 b - a scroll of enchant armour {unknown}
 e - 2 scrolls of blinking {unknown}
 h - 2 scrolls of enchant weapon {unknown}
 i - 2 scrolls of identify
 j - a scroll of brand weapon {unknown}
 m - a scroll of magic mapping {unknown}
 o - a scroll of torment {unknown}
 u - a scroll of teleportation {unknown}
 x - a scroll of vulnerability {unknown}
 z - 2 scrolls of fog {unknown}
 B - a scroll of noise {unknown}
 C - a scroll of silence {unknown}
Potions
 f - a potion of might
 l - a potion of magic
 q - a potion of flight {unknown}
 s - a potion of cancellation {unknown}
 v - a potion of degeneration
 w - a potion of invisibility {unknown}
 D - a potion of haste {unknown}
 G - a potion of heal wounds {unknown}


   Skills:
 + Level 4.5 Fighting
 + Level 8.6 Bows
 + Level 1.0 Armour
 + Level 3.5 Dodging
 + Level 1.0 Stealth
 + Level 2.4 Spellcasting
 + Level 4.2 Hexes
 + Level 0.8 Evocations


You had 7 spell levels left.
You knew the following spells:

 Your Spells              Type           Power      Damage    Failure   Level
a - Slow                  Hex            52%        N/A       4%          1
b - Inner Flame           Hex/Fire       7%         N/A       34%         3

Your spell library contained the following spells:

 Spells                   Type           Power      Damage    Failure   Level
 Animate Skeleton         Necr           2%         N/A       28%         1
 Apportation              Tloc           2%         N/A       28%         1
 Pain                     Necr           4%         1d4       28%         1
 Summon Small Mammal      Summ           4%         N/A       28%         1
 Portal Projectile        Hex/Tloc       14%        N/A       34%         3
 Static Discharge         Conj/Air       1%         N/A       41%         2
 Cause Fear               Hex            6%         N/A       45%         4
 Stone Arrow              Conj/Erth      2%         3d7       65%         3
 Animate Armour           Summ/Erth      2%         N/A       96%         4
 Summon Lightning Spire   Summ/Air       1%         N/A       96%         4
 Agony                    Necr           1%         N/A       100%        5
 Excruciating Wounds      Necr           0%         N/A       100%        5
 Lightning Bolt           Conj/Air       0%         1d11      100%        5
 Storm Form               Tmut/Air       0%         N/A       100%        7
 Lehudib's Crystal Spear  Conj/Erth      0%         10d2      100%        8
 Maxwell's Capacitive Co  Air            0%         ∞         100%        8


Dungeon Overview and Level Annotations

Branches:
Dungeon (6/15)              Sewer (visited)
 Temple: D:4-7

Altars:
Gozag
Hepliaklqana
Nemelex Xobeh
Zin

Shops:
D:1 =!*?!   D:3 ?   D:5 *


Innate Abilities, Weirdness & Mutations

You are amphibious.
You cover ground slowly.
You can hop short distances.
You have an extended range of vision and can be seen from far away.


Message History

Press: ? - help, Q - select action, (/) - cycle Shift-Dir - straight line, f/p - centaur
Aim: a centaur, wielding a +0 shortbow and quivering arrows (moderately wounded, 75% to hit)
You shoot an arrow. The arrow hits the centaur.
The centaur is moderately wounded.
The centaur shoots an arrow.
The arrow hits you!
Fire: 31 arrows
Press: ? - help, Q - select action, (/) - cycle Shift-Dir - straight line, f/p - centaur
Aim: a centaur, wielding a +0 shortbow and quivering arrows (moderately wounded, 75% to hit)
You shoot an arrow. The arrow barely misses the centaur.
The centaur shoots an arrow.
The arrow hits you.
Fire: 30 arrows
Press: ? - help, Q - select action, (/) - cycle Shift-Dir - straight line, f/p - centaur
Aim: a centaur, wielding a +0 shortbow and quivering arrows (moderately wounded, 75% to hit)
You shoot an arrow.
The arrow hits the centaur but does no damage.
The centaur is moderately wounded.
The centaur shoots an arrow.
The arrow hits you!
* * * LOW HITPOINT WARNING * * *
Okay, then.
Fire: 29 arrows
Press: ? - help, Q - select action, (/) - cycle Shift-Dir - straight line, f/p - centaur
Aim: a centaur, wielding a +0 shortbow and quivering arrows (moderately wounded, 75% to hit)
You shoot an arrow. The arrow hits the centaur.
The centaur is heavily wounded.
The centaur shoots an arrow.
The arrow hits you.
* * * LOW HITPOINT WARNING * * *
The centaur shoots an arrow.
The arrow barely misses you.
Fire: 28 arrows
Press: ? - help, Q - select action, (/) - cycle Shift-Dir - straight line, f/p - centaur
Aim: a centaur, wielding a +0 shortbow and quivering arrows (heavily wounded, 75% to hit)
You shoot an arrow. The arrow barely misses the centaur.
The centaur shoots an arrow.
The arrow hits you!
* * * LOW HITPOINT WARNING * * *
Fire: 27 arrows
Press: ? - help, Q - select action, (/) - cycle Shift-Dir - straight line, f/p - centaur
Aim: a centaur, wielding a +0 shortbow and quivering arrows (heavily wounded, 75% to hit)
You shoot an arrow. The arrow barely misses the centaur.
The centaur shoots an arrow.
The arrow hits you!
You die...
Your body glows slightly and disappears.

....##...#.#..##..# ..
##..####..#...# #......#
#..#..## #...#.##
#......#
##..#...###..###......
#.. #.......## .......
.........#...# # .......
.###..#####...#c#...###..
$ ##.@......# .
#.......## #........#
##.......# ....../##
##........ #(........
#.......... ##.........


You could see a centaur.

Vanquished Creatures
  A water moccasin (D:5)
  A sky beast (D:4)
  An ogre (D:5)
  2 necrophages
  A scorpion (D:4)
  A wyvern skeleton (D:5)
  A howler monkey (D:4)
  A centaur skeleton (D:6)
  A gnoll shaman (D:3)
  2 hounds
  2 bullfrog skeletons
  2 iguanas
  An orc wizard (D:5)
  A hound zombie (D:5)
  Robin (D:3)
  2 gnolls
  7 adders
  2 river rats (Sewer)
  A shadow imp (D:5)
  A white imp (D:6)
  An ufetubus (D:4)
  2 worms
  5 dart slugs
  8 orcs
  11 ball pythons
  3 bats
  10 endoplasms
  8 giant cockroaches
  16 goblins
  7 hobgoblins
  A jackal (D:3)
  7 quokkas
  8 frilled lizards
  9 kobolds
  11 rats
139 creatures vanquished.

Vanquished Creatures (collateral kills)
  Duvessa (D:4)
  An ogre (D:5)
  Dowan (D:4)
  An adder (D:3)
  An ufetubus (D:4)
  3 orcs (D:4)
8 creatures vanquished.

Grand Total: 147 creatures vanquished

Notes
Turn   | Place    | Note
-------+----------+-------------------------------------------
     0 | D:1      | capslocke the Barachi Arcane Marksman began the quest for
                  | the Orb.
     0 | D:1      | Reached XP level 1. HP: 15/15 MP: 2/2
   225 | D:1      | Found Paott's Jewellery Shop.
   236 | D:1      | Reached XP level 2. HP: 21/21 MP: 3/3
   263 | D:1      | Found Abbimin's General Store.
   484 | D:1      | Found Hagosa's Distillery.
   496 | D:1      | Reached XP level 3. HP: 26/26 MP: 4/4
   541 | D:1      | Found Vualio's Magic Scroll Boutique.
   595 | D:1      | Found a faded altar of an unknown god.
   598 | D:1      | Prayed at the altar of an unknown god.
   598 | D:1      | Became a worshipper of Nemelex Xobeh the Trickster
   598 | D:1      | Reached * piety under Nemelex Xobeh
   986 | D:1      | Found Jeozeiru's Distillery.
  1352 | D:2      | Received a gift from Nemelex Xobeh
  1720 | D:2      | Reached ** piety under Nemelex Xobeh
  1820 | D:2      | Found a glowing silver altar of Zin.
  2073 | D:3      | Reached XP level 4. HP: 32/32 MP: 2/5
  2075 | D:3      | Reached skill level 3 in Bows
  2080 | D:3      | Noticed Robin
  2099 | D:3      | Killed Robin
  2366 | D:3      | Found a glowing drain.
  2370 | Sewer    | Entered a sewer
  2551 | Sewer    | Reached XP level 5. HP: 38/38 MP: 7/7
  2583 | Sewer    | Reached skill level 4 in Bows
  3000 | D:3      | Found Wissy's Magic Scroll Shoppe.
  3005 | D:3      | Bought a scroll of identify for 24 gold pieces
  3005 | D:3      | Bought a scroll of identify for 24 gold pieces
  3168 | D:3      | Learned a level 3 spell: Inner Flame
  3257 | D:3      | Received a gift from Nemelex Xobeh
  3276 | D:3      | Found a hazy altar of Hepliaklqana.
  3352 | D:3      | Identified the +0 quarterstaff "Moinapt" {elec, +Blink
                  | Str+6 Dex-2}
  3363 | D:3      | Reached skill level 5 in Bows
  3364 | D:3      | Reached XP level 6. HP: 12/44 MP: 5/8
  3714 | D:3      | Found an opulent altar of Gozag.
  3967 | D:4      | Reached *** piety under Nemelex Xobeh
  4354 | D:4      | Noticed a necrophage
  4367 | D:4      | Killed a necrophage
  4676 | D:4      | Reached skill level 6 in Bows
  4676 | D:4      | Reached XP level 7. HP: 45/51 MP: 9/9
  5328 | D:4      | Received a gift from Nemelex Xobeh
  5551 | D:4      | Noticed Duvessa
  5553 | D:4      | Noticed Dowan
  5559 | D:4      | Killed Duvessa
  5560 | D:4      | Killed Dowan
  5561 | D:4      | Reached skill level 7 in Bows
  5797 | D:4      | Upgraded the game from 0.28.0-49-g6dfe1f597d to
                  | 0.28.0-53-g5a82cb258f
  5833 | D:5      | Entered Level 5 of the Dungeon
  5920 | D:5      | Reached XP level 8. HP: 60/60 MP: 10/10
  6218 | D:5      | Found Wezis's CLEARANCE SALE!.
  6313 | D:5      | Reached skill level 8 in Bows
  6424 | D:5      | Received a gift from Nemelex Xobeh
  6587 | D:6      | Reached skill level 1 in Stealth
  6798 | D:6      | Reached skill level 1 in Armour
  6830 | D:6      | Shot with an arrow by a centaur

Illustrated notes

Levels and vault maps discovered:
D:1:      dpeg_arrival_radiant, layout_basic, serial_shops, shop, shop, shop,
          nicolae_lakefront_shop, shop, hellmonk_ecumenical_altar_leap_of_faith
D:2:      layout_basic, basic_altar, minmay_quadrilaterals
D:3:      layout_loops_corners, mainiacjoe_overflow_tiny_flanked,
          nicolae_overflow_hidden_temple, serial_shops, shop,
          gup_sewer_entry_bowl, st_stairs_9, minmay_pentangle, uniq_robin
D:4:      minmay_clustersquares, layout_layer_cave, uniq_duvessa
D:5:      layout_cave_pools, nicolae_shop_clearance
D:6:      layout_cave_pools, temple_green, serial_glass, glass_columns_a,
          glass_columns_a, minmay_statues_item

Skill      XL: |  1  2  3  4  5  6  7  8 |
---------------+-------------------------+-----
Bows           | 3 5 6 7 8 |  8.6
Hexes          | 4 |  4.2
Dodging        | 3 |  3.5
Fighting       | 2 3 4 |  4.5
Spellcasting   | 2 |  2.4
Stealth        | 1 |  1.0
Armour         | 1 |  1.0
Evocations     | |  0.8

Action                   |  1- 3 |  4- 6 |  7- 9 || total
-------------------------+-------+-------+-------++-------
Melee: Short sword       |       |     2 |       ||     2
 Fire: Shortbow          |    89 |   225 |   203 ||   517
Throw: Dart              |       |     8 |       ||     8
 Cast: Slow              |     8 |     8 |    10 ||    26
       Inner Flame       |       |     2 |     1 ||     3
Invok: Draw Destruction  |       |     3 |     3 ||     6
       Draw Summoning    |       |     2 |     2 ||     4
 Abil: Hop               |     7 |     9 |     7 ||    23
Evoke: Wand              |       |     3 |     3 ||     6
  Use: Scroll            |       |     3 |       ||     3
Armor: Robe              |     4 |    27 |    19 ||    50
       Leather armour    |       |       |    11 ||    11
Dodge: Dodged            |    12 |    97 |    41 ||   150
